TOP OF THE 1ST |
Philadelphia Athletics batting - Pitching for Austin River Sharks : RHP Troy Lynn
|
Pitching: RHP Troy Lynn
|
|
Batting: LHB John Peterson
|
0-0: Called Strike 0-1: Ground out U3 (Groundball, 34)
|
Batting: LHB Brian Boone
|
0-0: Ball 1-0: Called Strike 1-1: SOLO HOME RUN (Flyball, 9D), Distance : 391 ft
|
Batting: RHB Tony Morton
|
0-0: Ground out 6-3 (Groundball, 6)
|
Batting: RHB Alfredo Rivera
|
0-0: Ball 1-0: Ball 2-0: Foul Ball, location: 2F 2-1: Ground out 6-3 (Groundball, 6)
|
Top of the 1st over - 1 run, 1 hit, 0 errors, 0 left on base; Philadelphia 1 - Austin 0 |
BOTTOM OF THE 1ST |
Austin River Sharks batting - Pitching for Philadelphia Athletics : LHP Gianluigi Ciottone
|
Pitching: LHP Gianluigi Ciottone
|
|
Batting: LHB Enrico Vargas
|
0-0: Fly out, F9 (Flyball, 9)
|
Batting: RHB Richard Coker
|
0-0: Called Strike 0-1: Swinging Strike 0-2: Strikes out swinging
|
Batting: RHB Edward Young
|
0-0: Foul Ball, location: 2F 0-1: Foul Ball, location: 2F 0-2: Foul Ball, location: 2F 0-2: Strikes out swinging
|
Bottom of the 1st over - 0 runs, 0 hits, 0 errors, 0 left on base; Philadelphia 1 - Austin 0 |
TOP OF THE 2ND |
Philadelphia Athletics batting - Pitching for Austin River Sharks : RHP Troy Lynn
|
Batting: LHB Carter Sweet
|
0-0: Called Strike 0-1: Ball 1-1: Ground out 5-3 (Groundball, 5L)
|
Batting: RHB Valentín Borges
|
0-0: Fly out, F8 (Flyball, 8RM)
|
Batting: SHB Héctor Padilla
|
0-0: Ball 1-0: Called Strike 1-1: Fly out, F9 (Flyball, 9LSF)
|
Top of the 2nd over - 0 runs, 0 hits, 0 errors, 0 left on base; Philadelphia 1 - Austin 0 |
BOTTOM OF THE 2ND |
Austin River Sharks batting - Pitching for Philadelphia Athletics : LHP Gianluigi Ciottone
|
Batting: RHB Jesús Hernández
|
0-0: Called Strike 0-1: Swinging Strike 0-2: Foul Ball, location: 2F 0-2: Fly out, F4 (Popup, 4S)
|
Batting: RHB Tony Cruz
|
0-0: Ground out 4-3 (Groundball, 4)
|
Batting: RHB Jack Bailey
|
0-0: Called Strike 0-1: Called Strike 0-2: Foul Ball, location: 2F 0-2: Ball 1-2: Ball 2-2: Ground out U3 (Groundball, 3L)
|
Bottom of the 2nd over - 0 runs, 0 hits, 0 errors, 0 left on base; Philadelphia 1 - Austin 0 |
TOP OF THE 3RD |
Philadelphia Athletics batting - Pitching for Austin River Sharks : RHP Troy Lynn
|
Batting: RHB Miguel Encarnación
|
0-0: Ball 1-0: Swinging Strike 1-1: Foul Ball, location: 2F 1-2: Ball 2-2: Strikes out swinging
|
Batting: RHB Felipe Rivera
|
0-0: DOUBLE (Flyball, 89XD)
|
Batting: LHB John Peterson
|
0-0: Ball 1-0: Ground out 4-3 (Groundball, 34) Felipe Rivera to third
|
Batting: LHB Brian Boone
|
0-0: Fly out, F7 (Flyball, 7S)
|
Top of the 3rd over - 0 runs, 1 hit, 0 errors, 1 left on base; Philadelphia 1 - Austin 0 |
BOTTOM OF THE 3RD |
Austin River Sharks batting - Pitching for Philadelphia Athletics : LHP Gianluigi Ciottone
|
Batting: RHB Andy Aiton
|
0-0: Called Strike 0-1: Ball 1-1: SINGLE (Line Drive, 78S)
|
Batting: LHB José Liñares
|
0-0: Fielders Choice at 2nd, 6-4 (Groundball, 6)
|
Batting: LHB Dave Watt
|
0-0: Called Strike 0-1: Ball 1-1: Swinging Strike 1-2: Ball 2-2: Ball 3-2: Foul Ball, location: 2F 3-2: Base on Balls José Liñares to second
|
Batting: LHB Enrico Vargas
|
0-0: Called Strike 0-1: Foul Ball, location: 2F 0-2: Fielders Choice at 2nd, 3-6 (Groundball, 3) José Liñares to third
|
Batting: RHB Richard Coker
|
0-0: Swinging Strike 0-1: Ball 1-1: Foul Ball, location: 2F 1-2: Foul Ball, location: 2F 1-2: Ball 2-2: Strikes out swinging
|
Bottom of the 3rd over - 0 runs, 1 hit, 0 errors, 2 left on base; Philadelphia 1 - Austin 0 |
TOP OF THE 4TH |
Philadelphia Athletics batting - Pitching for Austin River Sharks : RHP Troy Lynn
|
Batting: RHB Tony Morton
|
0-0: Ball 1-0: Swinging Strike 1-1: Foul Ball, location: 2F 1-2: Strikes out looking
|
Batting: RHB Alfredo Rivera
|
0-0: Ball 1-0: Ball 2-0: Foul Ball, location: 2F 2-1: Foul Ball, location: 2F 2-2: DOUBLE (Line Drive, 8LD)
|
Batting: LHB Carter Sweet
|
0-0: Called Strike 0-1: Ball 1-1: Ball 2-1: Swinging Strike 2-2: Foul Ball, location: 2F 2-2: Strikes out swinging
|
Batting: RHB Valentín Borges
|
0-0: Ground out 4-3 (Groundball, 34)
|
Top of the 4th over - 0 runs, 1 hit, 0 errors, 1 left on base; Philadelphia 1 - Austin 0 |
BOTTOM OF THE 4TH |
Austin River Sharks batting - Pitching for Philadelphia Athletics : LHP Gianluigi Ciottone
|
Batting: RHB Edward Young
|
0-0: Ball 1-0: Called Strike 1-1: Foul Ball, location: 2F 1-2: Ground out 6-3 (Groundball, 56)
|
Batting: RHB Jesús Hernández
|
0-0: Ball 1-0: Ball 2-0: Called Strike 2-1: Foul Ball, location: 2F 2-2: Foul Ball, location: 2F 2-2: Ball 3-2: Foul Ball, location: 2F 3-2: Foul Ball, location: 2F 3-2: Base on Balls
|
Batting: RHB Tony Cruz
|
0-0: Called Strike 0-1: Called Strike 0-2: Ground out U3 (Groundball, 34S) Jesús Hernández to second
|
Batting: RHB Jack Bailey
|
0-0: Fly out, F6 (Popup, 6S)
|
Bottom of the 4th over - 0 runs, 0 hits, 0 errors, 1 left on base; Philadelphia 1 - Austin 0 |
TOP OF THE 5TH |
Philadelphia Athletics batting - Pitching for Austin River Sharks : RHP Troy Lynn
|
Batting: SHB Héctor Padilla
|
0-0: DOUBLE (Line Drive, 9LD)
|
Batting: RHB Miguel Encarnación
|
0-0: Ball 1-0: Ball 2-0: Called Strike 2-1: Swinging Strike 2-2: Strikes out looking
|
Batting: RHB Felipe Rivera
|
0-0: Called Strike 0-1: Foul Ball, location: 2F 0-2: Fly out, F7 (Line Drive, 78M)
|
Batting: LHB John Peterson
|
0-0: Ball 1-0: SINGLE (Flyball, 9S) Héctor Padilla to third Runner from 3rd tries for Home, SAFE, no throw
|
Batting: LHB Brian Boone
|
0-0: Called Strike John Peterson steals 2nd base 0-1: 2-RUN HOME RUN (Flyball, 89XD), Distance : 395 ft
|
Batting: RHB Tony Morton
|
0-0: Called Strike 0-1: Ground out U3 (Groundball, 34)
|
Top of the 5th over - 3 runs, 3 hits, 0 errors, 0 left on base; Philadelphia 4 - Austin 0 |
BOTTOM OF THE 5TH |
Austin River Sharks batting - Pitching for Philadelphia Athletics : LHP Gianluigi Ciottone
|
Batting: RHB Andy Aiton
|
0-0: Ball 1-0: Ball 2-0: Fly out, F4 (Flyball, 34D)
|
Batting: LHB José Liñares
|
0-0: Foul Ball, location: 2F 0-1: Ball 1-1: Ball 2-1: Ball 3-1: Ground out 5-3 (Groundball, 56)
|
Batting: LHB Dave Watt
|
0-0: Called Strike 0-1: Foul Ball, location: 2F 0-2: Ball 1-2: Strikes out swinging
|
Bottom of the 5th over - 0 runs, 0 hits, 0 errors, 0 left on base; Philadelphia 4 - Austin 0 |
TOP OF THE 6TH |
Philadelphia Athletics batting - Pitching for Austin River Sharks : RHP Troy Lynn
|
Batting: RHB Alfredo Rivera
|
0-0: Ground out U3 (Groundball, 34)
|
Batting: LHB Carter Sweet
|
0-0: Fly out, F4 (Popup, 4M)
|
Batting: RHB Valentín Borges
|
0-0: Foul Ball, location: 2F 0-1: Ground out 1-3 (Groundball, 13)
|
Top of the 6th over - 0 runs, 0 hits, 0 errors, 0 left on base; Philadelphia 4 - Austin 0 |
BOTTOM OF THE 6TH |
Austin River Sharks batting - Pitching for Philadelphia Athletics : LHP Gianluigi Ciottone
|
Batting: LHB Enrico Vargas
|
0-0: Ball 1-0: Ball 2-0: Called Strike 2-1: Ball 3-1: Base on Balls
|
Pitching: RHP António López
|
|
Batting: RHB Richard Coker
|
0-0: Ball 1-0: Foul Ball, location: 2F 1-1: Swinging Strike 1-2: Foul Ball, location: 2F 1-2: Ball 2-2: Foul Ball, location: 2F 2-2: Foul Ball, location: 2F 2-2: Grounds into double play, 6-4-3 (Groundball, 6)
|
Batting: RHB Edward Young
|
0-0: Ball 1-0: Called Strike 1-1: Ground out 5-3 (Groundball, 5)
|
Bottom of the 6th over - 0 runs, 0 hits, 0 errors, 0 left on base; Philadelphia 4 - Austin 0 |
TOP OF THE 7TH |
Philadelphia Athletics batting - Pitching for Austin River Sharks : RHP Troy Lynn
|
Batting: SHB Héctor Padilla
|
0-0: Ball 1-0: Foul Ball, location: 2F 1-1: Ground out U3 (Groundball, 3)
|
Batting: RHB Miguel Encarnación
|
0-0: Ball 1-0: Ground out 4-3 (Groundball, 4MD)
|
Batting: RHB Felipe Rivera
|
0-0: Ball 1-0: Fly out, F9 (Flyball, 9S)
|
Top of the 7th over - 0 runs, 0 hits, 0 errors, 0 left on base; Philadelphia 4 - Austin 0 |
BOTTOM OF THE 7TH |
Austin River Sharks batting - Pitching for Philadelphia Athletics : RHP António López
|
Batting: RHB Jesús Hernández
|
0-0: Called Strike 0-1: Fly out, F9 (Flyball, 9S)
|
Batting: RHB Tony Cruz
|
0-0: Foul Ball, location: 2F 0-1: Ball 1-1: Swinging Strike 1-2: Ball 2-2: Foul Ball, location: 2F 2-2: Foul Ball, location: 2F 2-2: Strikes out swinging
|
Batting: RHB Jack Bailey
|
0-0: Ball 1-0: Ball 2-0: Called Strike 2-1: Ground out 4-3 (Groundball, 4M)
|
Bottom of the 7th over - 0 runs, 0 hits, 0 errors, 0 left on base; Philadelphia 4 - Austin 0 |
TOP OF THE 8TH |
Philadelphia Athletics batting - Pitching for Austin River Sharks : RHP Troy Lynn
|
Batting: LHB John Peterson
|
0-0: Ball 1-0: Called Strike 1-1: Ball 2-1: Foul Ball, location: 2F 2-2: Ball 3-2: Strikes out swinging
|
Batting: LHB Brian Boone
|
0-0: Called Strike 0-1: Ball 1-1: Ball 2-1: Ground out 6-3 (Groundball, 6)
|
Batting: RHB Tony Morton
|
0-0: Ball 1-0: Ground out 1-3 (Groundball, 15)
|
Top of the 8th over - 0 runs, 0 hits, 0 errors, 0 left on base; Philadelphia 4 - Austin 0 |
BOTTOM OF THE 8TH |
Austin River Sharks batting - Pitching for Philadelphia Athletics : RHP António López
|
Batting: RHB Andy Aiton
|
0-0: Ball 1-0: Foul Ball, location: 2F 1-1: Ball 2-1: Foul Ball, location: 2F 2-2: Ball 3-2: Foul Ball, location: 2F 3-2: SINGLE (Groundball, 25) (infield hit)
|
Batting: LHB José Liñares
|
0-0: SINGLE (Groundball, 6S) (infield hit) Andy Aiton to second
|
Pitching: LHP Rob Greene
|
|
Batting: LHB Dave Watt
|
0-0: Ball 1-0: SINGLE (Groundball, 3D) Andy Aiton to third José Liñares to second
|
Batting: LHB Enrico Vargas
|
0-0: Called Strike 0-1: Fly out, F7 (Flyball, 78M)
|
Pitching: LHP Yu-shu Kong
|
|
Batting: RHB Richard Coker
|
0-0: Ball 1-0: Grounds into double play, 4-6-3 (Groundball, 4)
|
Bottom of the 8th over - 0 runs, 3 hits, 0 errors, 2 left on base; Philadelphia 4 - Austin 0 |
TOP OF THE 9TH |
Philadelphia Athletics batting - Pitching for Austin River Sharks : RHP Troy Lynn
|
Batting: RHB Alfredo Rivera
|
0-0: Ball 1-0: DOUBLE (Line Drive, 5D)
|
Batting: LHB Carter Sweet
|
0-0: Intentional Walk
|
Batting: RHB Valentín Borges
|
0-0: Called Strike 0-1: Called Strike 0-2: Grounds into double play, 3-6-4 (Groundball, 34) Alfredo Rivera to third
|
Batting: SHB Héctor Padilla
|
0-0: Ground out 4-3 (Groundball, 4S)
|
Top of the 9th over - 0 runs, 1 hit, 0 errors, 1 left on base; Philadelphia 4 - Austin 0 |
BOTTOM OF THE 9TH |
Austin River Sharks batting - Pitching for Philadelphia Athletics : LHP Yu-shu Kong
|
Batting: RHB Edward Young
|
0-0: Called Strike 0-1: Swinging Strike 0-2: Strikes out swinging
|
Batting: RHB Jesús Hernández
|
0-0: Ball 1-0: Ball 2-0: Called Strike 2-1: Foul Ball, location: 2F 2-2: Strikes out swinging
|
Batting: RHB Tony Cruz
|
0-0: Ball 1-0: Ball 2-0: Called Strike 2-1: DOUBLE (Line Drive, 89M)
|
Batting: RHB Jack Bailey
|
0-0: Called Strike 0-1: Called Strike 0-2: Ground out 6-3 (Groundball, 6M)
|
Bottom of the 9th over - 0 runs, 1 hit, 0 errors, 1 left on base; Philadelphia 4 - Austin 0 |
|